 Dungeon Crawl Stone Soup version 0.19.1 (webtiles) character file.

1149 SQman the Slasher (level 8, -1/61 HPs)
             Began as a Vampire Fighter on Dec 16, 2016.
             Was a Believer of Nemelex Xobeh.
             Succumbed to Edmund's poison
             ... on level 6 of the Dungeon.
             The game lasted 00:26:46 (4621 turns).

SQman the Slasher (Vampire Fighter)                 Turns: 4621, Time: 00:26:46

Health: -1/61      AC: 14    Str: 17    XL:     8   Next: 15%
Magic:  8/8        EV:  4    Int: 11    God:    Nemelex Xobeh [**....]
Gold:   146        SH:  9    Dex: 13    Spells: 0 memorised, 7 levels left

rFire  . . .     SeeInvis +     a - +2 long sword
rCold  . . .     Gourm    .     z - +0 plate armour
rNeg   + . .     Faith    .     c - +0 shield
rPois  .         Spirit   .     (no helmet)
rElec  .         Reflect  .     (no cloak)
rCorr  +         Harm     .     f - +2 pair of gloves
MR     .....                    (no boots)
Stlth  ..........               (no amulet)
                                w - ring of resist corrosion
                                j - ring of positive energy

@: lethally poisoned (-1 -> -12), regenerating quickly
A: fangs 3, see invisible, unbreathing
a: Renounce Religion


You were on level 6 of the Dungeon.
You worshipped Nemelex Xobeh.
Nemelex Xobeh was pleased with you.
You were full.

You visited 1 branch of the dungeon, and saw 6 of its levels.

You collected 146 gold pieces.

Inventory:

Hand Weapons
 a - a +2 long sword (weapon)
 y - a cursed -3 falchion
Missiles
 h - 14 tomahawks (quivered)
Armour
 b - a +0 scale mail
 c - a +0 shield (worn)
 f - a +2 pair of gloves (worn)
 l - a cursed +0 ring mail
 t - a +0 plate armour
 v - a +0 pair of gloves
 z - a +0 plate armour (worn)
Jewellery
 j - a ring of positive energy (left hand)
 w - a ring of resist corrosion (right hand)
Wands
 p - a wand of iceblast (7/15)
Scrolls
 g - a scroll of identify
 o - a scroll of amnesia
 q - 2 scrolls of teleportation
 u - a scroll of recharging
 x - a scroll of fog
Potions
 d - 2 potions of might
 e - 28 potions of blood
 m - a potion of cure mutation
Books
 s - a book of Misfortune

   Spells                             Type                      Level
   a - Confusing Touch                Hexes                        1
   b - Confuse                        Hexes                        3
   c - Gell's Gravitas                Hexes/Translocation          3
   d - Petrify                        Transmutation/Earth          4
   e - Metabolic Englaciation         Hexes/Ice                    5
   f - Yara's Violent Unravelling     Hexes/Transmutation          5
Miscellaneous
 i - a plain deck of destruction {drawn: 5}
 k - a plain deck of destruction
 n - a legendary deck of destruction {drawn: 3}
 r - a plain deck of summoning {drawn: 2}


   Skills:
 + Level 4.4 Fighting
 + Level 6.0 Long Blades
 + Level 1.4 Throwing
 + Level 3.5 Armour
 + Level 2.1 Dodging
 + Level 1.4 Stealth
 + Level 4.9 Shields
 + Level 0.8 Invocations
 + Level 0.5 Evocations


You had 7 spell levels left.
You didn't know any spells.

Dungeon Overview and Level Annotations

Branches:
Dungeon (6/15)
 Temple: D:4-7

Altars:
Hepliaklqana
Nemelex Xobeh
Xom

Portals:
Ossuary: D:6

Annotations:
D:6 Grinder


Innate Abilities, Weirdness & Mutations

Your natural rate of healing is unusually fast.
You have razor-sharp teeth.
You have supernaturally acute eyesight. (SInv)
You can survive without breathing.


Message History

* * * LOW HITPOINT WARNING * * *
You feel sick.
Grinder blinks!
Edmund closely misses you.
You riposte.
You slash Edmund!
You kill Edmund!
Your Long Blades skill increases to level 6!
Yummy - fresh blood!
* * * LOW HITPOINT WARNING * * *
You feel sick.
Yummy - fresh blood!
* * * LOW HITPOINT WARNING * * *
You feel sick.
Yummy - fresh blood!
* * * LOW HITPOINT WARNING * * *
You feel sick.
You closely miss Grinder.
* * * LOW HITPOINT WARNING * * *
You feel sick. Grinder hits you but does no damage.
You barely miss Grinder.
You die...
Your body glows slightly and disappears.

########### #.........#
#.........# #......!..#
####.....@)..####
.........5.....)#
#######.......#.#..#
#............#...# #
#..............∩...
.####..........^.....#.#
...........#.##..#..#..#
####......#.##........#
#......#.##.....####


You could see Grinder.

Vanquished Creatures
  Edmund (D:6)
  An ice beast (D:6)
  2 crimson imps
  2 orc priests (D:5)
  A hound (D:6)
  2 orc wizards
  Jessica (D:2)
  An iguana (D:5)
  5 worker ants
  4 gnolls
  5 adders
  An ooze (D:3)
  4 worms
  3 dart slugs
  4 leopard geckos
  13 orcs
  4 giant cockroaches
  12 goblins
  9 hobgoblins
  17 jackals
  9 kobolds
  3 quokkas
  2 ball pythons
  8 bats
  9 frilled lizards
  9 rats
  3 plants (D:1)
135 creatures vanquished.

Vanquished Creatures (collateral kills)
  Eustachio (D:6)
  Duvessa (D:6)
  2 centaurs (D:6)
  An ogre (D:5)
  Dowan (D:6)
  An iguana (D:6)
  An ooze (D:6)
  An orc (D:6)
  A quokka (D:6)
10 creatures vanquished.

Vanquished Creatures (others)
  2 jackals (D:5)
  A kobold (D:3)
3 creatures vanquished.

Grand Total: 148 creatures vanquished

Notes
Turn   | Place    | Note
-------+----------+-------------------------------------------
     0 | D:1      | SQman the Vampire Fighter began the quest for the Orb.
     0 | D:1      | Reached XP level 1. HP: 17/17 MP: 1/1
   327 | D:1      | Reached XP level 2. HP: 23/23 MP: 2/2
   386 | D:1      | Found a sparkling altar of Nemelex Xobeh.
   390 | D:1      | Became a worshipper of Nemelex Xobeh the Trickster
   396 | D:1      | Received a gift from Nemelex Xobeh
   863 | D:1      | Reached XP level 3. HP: 29/29 MP: 3/3
  1307 | D:2      | Found a hazy altar of Hepliaklqana.
  1309 | D:2      | Found a shimmering altar of Xom.
  1309 | D:2      | Noticed a tyrant leech
  1310 | D:2      | Noticed a tyrant leech
  1310 | D:2      | Noticed a spectral ugly thing
  1700 | D:2      | Reached * piety under Nemelex Xobeh
  1746 | D:2      | Received a gift from Nemelex Xobeh
  1872 | D:2      | Noticed Jessica
  1886 | D:2      | Killed Jessica
  1886 | D:2      | Reached skill level 3 in Long Blades
  1886 | D:2      | Reached skill level 1 in Stealth
  1886 | D:2      | Reached XP level 4. HP: 20/35 MP: 4/4
  2098 | D:2      | Reached skill level 1 in Dodging
  2276 | D:3      | Reached XP level 5. HP: 39/41 MP: 5/5
  2904 | D:4      | Received a gift from Nemelex Xobeh
  2920 | D:4      | Reached ** piety under Nemelex Xobeh
  3055 | D:4      | HP: 2/41 [leopard gecko (2)]
  3056 | D:4      | Reached skill level 4 in Long Blades
  3097 | D:4      | Reached XP level 6. HP: 8/47 MP: 6/6
  3635 | D:4      | Received a gift from Nemelex Xobeh
  3715 | D:5      | Entered Level 5 of the Dungeon
  3988 | D:5      | Reached XP level 7. HP: 16/53 MP: 7/7
  4337 | D:6      | Noticed Duvessa
  4337 | D:6      | Noticed Dowan
  4350 | D:6      | Killed Duvessa
  4362 | D:6      | Killed Dowan
  4368 | D:6      | Reached skill level 5 in Long Blades
  4399 | D:6      | Noticed Eustachio
  4406 | D:6      | Killed Eustachio
  4406 | D:6      | Reached skill level 1 in Throwing
  4587 | D:6      | Found a sand-covered staircase.
  4597 | D:6      | Reached XP level 8. HP: 41/60 MP: 8/8
  4603 | D:6      | Noticed Edmund
  4616 | D:6      | Noticed Grinder
  4616 | D:6      | Killed Edmund
  4616 | D:6      | Reached skill level 6 in Long Blades
  4619 | D:6      | HP: 2/61 [poisoned by Edmund]
  4621 | D:6      | Succumbed to Edmund's poison

Skill      XL: |  1  2  3  4  5  6  7  8 |
---------------+-------------------------+-----
Shields        | 3 4 |  4.9
Fighting       | 3 4 |  4.4
Long Blades    | 3 4 5 6 |  6.0
Stealth        | 1 |  1.4
Dodging        | 1 2 |  2.1
Armour         | 3 |  3.5
Throwing       | 1 |  1.4
Invocations    | |  0.8
Evocations     | |  0.5

Action                   |  1- 3 |  4- 6 |  7- 9 || total
-------------------------+-------+-------+-------++-------
Melee: Long sword        |   217 |   231 |    57 ||   505
       Bite              |    28 |    31 |     7 ||    66
Throw: Tomahawk          |     2 |     9 |     4 ||    15
Evoke: Deck              |       |     4 |     6 ||    10
       Wand              |       |     3 |     1 ||     4
  Use: Scroll            |     6 |     4 |     1 ||    11
       Potion            |     4 |    13 |     6 ||    23
Armor: Scale mail        |    66 |    95 |       ||   161
       Plate armour      |       |    27 |    31 ||    58
Dodge: Dodged            |    38 |    97 |     8 ||   143
Block: Shield            |    60 |   138 |    35 ||   233
       Rpst.: Long sword |    12 |    25 |     6 ||    43
